 Dungeon Crawl Stone Soup version 0.30-a0-748-ge6a52f7cba (webtiles) character file.

Game seed: 15954383850152007011

11 JumpingJurisdiction the Caller (level 2, -1/15 HPs)
             Began as a Tengu Summoner on Feb 8, 2023.
             Slain by a rat (3 damage)
             ... on level 1 of the Dungeon.
             The game lasted 00:03:54 (152 turns).

JumpingJurisdiction the Caller (Tengu Summoner)      Turns: 152, Time: 00:03:55

Health: -1/15      AC:  2    Str:  8    XL:     2   Next: 29%
Magic:  6/6        EV: 12    Int: 15    God:
Gold:   0          SH:  0    Dex: 14    Spells: 4/5 levels left

rFire   . . .      SeeInvis .    g - +0 dagger
rCold   . . .      Faith    .    (no shield)
rNeg    . . .      Spirit   .    a - +0 robe
rPois   .          Reflect  .    (helmet restricted)
rElec   .          Harm     .    (no cloak)
rCorr   .          Rampage  .    (no gloves)
Will    .....                    (boots unavailable)
Stlth   ++                       (no amulet)
HPRegen 0.22/turn                (no ring)
MPRegen 0.10/turn                (no ring)

@: no status effects
A: beak, talons 3
a: no special abilities


You were on level 1 of the Dungeon.
You visited 1 branch of the dungeon, and saw 1 of its levels.

Inventory:

Hand Weapons
 e - a +0 sling
 g - a +0 dagger (weapon)
Missiles
 c - 5 poisoned darts
 h - 3 stones
Armour
 a - a +0 robe (worn)
Scrolls
 f - a scroll of amnesia {unknown}
Potions
 b - a potion of magic


   Skills:
 + Level 2.5 Dodging
 + Level 2.2 Stealth
 + Level 2.2 Spellcasting
 + Level 5.0 Summonings


You had 4 spell levels left.
You knew the following spells:

 Your Spells              Type           Power      Damage    Failure   Level
a - Summon Small Mammal   Summ           64%        N/A       2%          1

Your spell library contained the following spells:

 Spells                   Type           Power      Damage    Failure   Level
 Call Imp                 Summ           16%        N/A       4%          2
 Call Canine Familiar     Summ           16%        N/A       9%          3
 Summon Guardian Golem    Hex/Summ       9%         N/A       24%         3
 Summon Lightning Spire   Summ/Air       9%         N/A       61%         4


Dungeon Overview and Level Annotations

Branches:
Dungeon (1/15)

Altars:


Innate Abilities, Weirdness & Mutations

You have a beak for a mouth.
You have claws for feet.


Message History

You see here a jackal corpse.
You barely miss the jackal. The jackal barely misses you.
You closely miss the jackal. You claw the jackal.
The jackal is heavily wounded.
The jackal bites you.
* * * LOW HITPOINT WARNING * * *
The jackal barely misses you.
You hit the jackal but do no damage. Your kick misses the jackal.
You peck the jackal, but do no damage.
The jackal is heavily wounded.
The jackal completely misses you.
You hit the jackal.
You kill the jackal!
The dart slug launches a dart at you. The slug dart misses you.
Your Summonings skill increases to level 5!
Things that are here:
a jackal corpse; a jackal corpse You hit the dart slug.
The dart slug is heavily wounded.
The dart slug launches a dart at you. The slug dart hits you.
* * * LOW HITPOINT WARNING * * *
You hit the dart slug. You claw the dart slug.
The dart slug is severely wounded.
The rat barely misses you. The dart slug barely misses you.
You hit the dart slug. You peck the dart slug.
The dart slug is almost dead.
The rat closely misses you.
As you read the scroll labelled RAENAU IDIAN, it crumbles to dust.
You feel aware of your surroundings.
It was a scroll of magic mapping.
The dart slug closely misses you. The rat closely misses you.
You hit the dart slug.
You kill the dart slug!
The rat closely misses you. The rat attacks as you move away!
The rat bites you but does no damage. The rat attacks as you move away!
The rat bites you.
* * * LOW HITPOINT WARNING * * *
You closely miss the rat. The rat bites you.
You die...

*>,,* #.###########*
*******,,,######## #.....#.....#*
,,,,,,,,,,.......# #.###.#.....#*
,,,,,,,,,,,,.....###.#.........#*
,,,,,,,,,,,,,,...##....#.#.†...#*
*******,,,**####.###.....#.....#*
*,,,* #.....†#........#### *,,,*
#.##r#†#.†.####.# *,,,*
*,*#@#.#...####.##### *,,,*
*,*#................. *****
*,,,***,*###.##.#####.#####
,,,,***,,,,,*,* #.##...,...#
***,,,,,,,,,*** ##############
***,,*,,,,,,*#♣#♣♣ #..§§≈≈≈...#
,,,,,,,,,,*,,#.'.♣♣#..§§.§....###
,,,,,*,*,*,,,#.#♣.♣#..§§§≈....#8.
,,,,,*,*,,,,,#.#♣.♣#.....§....'..


You could see a rat.

Vanquished Creatures
  2 dart slugs (D:1)
  4 jackals (D:1)
  A kobold (D:1)
7 creatures vanquished.

Notes
Turn   | Place    | Note
-------+----------+-------------------------------------------
     0 | D:1      | JumpingJurisdiction the Tengu Summoner began the quest for
                  | the Orb.
     0 | D:1      | Reached XP level 1. HP: 10/10 MP: 4/4
   137 | D:1      | Reached XP level 2. HP: 4/15 MP: 6/6
   143 | D:1      | Reached skill level 5 in Summonings
   152 | D:1      | Slain by a rat

Illustrated notes

Levels and vault maps discovered:
D:1:      scummos_arrival_gate, layout_loops_cross

Skill      XL: |  1  2 |
---------------+-------+-----
Summonings     | 5 |  5.0
Dodging        | |  2.5
Stealth        | |  2.2
Spellcasting   | |  2.2

Action                     || total
---------------------------++-------
  Melee: Dagger            ||    17
         Unarmed           ||     7
         Kick              ||     6
         Peck              ||     3
    Use: Scroll            ||     1
 Armour: Robe              ||     6
  Dodge: Dodged            ||    32

Table legend: (Time is in decaauts)
 A = Elapsed time spent in this place.
 B = Non-inter-level travel time spent in this place.
 C = Inter-level travel time spent in this place.
 D = Time resting spent in this place.
 E = Time spent auto-exploring this place.
 F = Levels seen in this place.
 G = Mean time per level.
                   A        B        C        D        E       F      G
               +--------+--------+--------+--------+--------+-----+--------+
         Total |    151 |     72 |     79 |      0 |      0 |   1 |  151.0 |
       Dungeon |    151 |     72 |     79 |      0 |      0 |   1 |  151.0 |
               +--------+--------+--------+--------+--------+-----+--------+

Top non-repeatable levels by time:
     D:1: 151 daAuts
